 Dungeon Crawl Stone Soup version 0.20-a0-926-g560771d (webtiles) character file.

7186 M4edhros the Cleaver (level 11, -4/154 HPs)
             Began as a Naga Berserker on Mar 27, 2017.
             Was an Elder of Trog.
             Slain by a spriggan
             ... wielding a +0 rapier of venom
              (14 damage)
             ... on level 11 of the Dungeon on Mar 28, 2017.
             The game lasted 00:31:14 (11454 turns).

M4edhros the Cleaver (Naga Berserker)              Turns: 11454, Time: 00:31:14

Health: -4/154     AC: 11    Str: 25    XL:     11   Next: 11%
Magic:  11/11      EV:  7    Int:  7    God:    Trog [****..]
Gold:   578        SH: 14    Dex: 14    Spells: 10/10 levels left

rFire    . . .     SeeInvis +   n - +0 war axe
rCold    + . .     Gourm    .   R - +0 large shield
rNeg     . . .     Faith    .   v - +0 scale mail
rPois    +         Spirit   .   (no helmet)
rElec    .         Reflect  .   K - +0 cloak {+Inv}
rCorr    .         Harm     .   D - +0 pair of gloves
MR       ++...                  (no barding)
Stlth    ..........             (no amulet)
Regen    0.4/turn               z - ring of protection from cold
MPRegen  0.2/turn               J - ring of protection from magic

@: mighty, berserking (expiring), lethally poisoned (-4 -> -14), barbed spikes,
flying (expiring), quick
A: see invisible, deformed body, poison resistance, slowness 2, slow metabolism
1, spit poison 1, AC +3
a: Spit Poison, Berserk, Trog's Hand, Brothers in Arms, Burn Spellbooks,
Renounce Religion, Evoke Invisibility


You were on level 11 of the Dungeon.
You worshipped Trog.
Trog was greatly pleased with you.
You were near starving.

You visited 1 branch of the dungeon, and saw 11 of its levels.

You collected 578 gold pieces.

Inventory:

Hand Weapons
 a - a +0 hand axe
 n - a +0 war axe (weapon)
 L - the +6 arbalest of Perfectionism {venom, MP+9}
   (You found it on level 8 of the Dungeon)

   It poisons the ammo it fires.
   It affects your magic capacity (+9).
 P - a +0 hand crossbow
Missiles
 G - 60 bolts
Armour
 v - a +0 scale mail (worn)
 D - a +0 pair of gloves (worn)
 K - a +0 cloak of invisibility (worn)
 R - a +0 large shield (worn)
Jewellery
 z - a ring of protection from cold (left hand)
 J - a ring of protection from magic (right hand)
Wands
 p - a wand of lightning (6/15)
 w - a wand of paralysis (0/24)
 C - a wand of disintegration (0/24)
 U - a wand of digging (5/24)
Scrolls
 e - 6 scrolls of remove curse
 f - 6 scrolls of teleportation
 g - a scroll of immolation {unknown}
 i - 2 scrolls of magic mapping {unknown}
 k - 5 scrolls of identify
 s - 2 scrolls of noise {unknown}
 u - 2 scrolls of fear {unknown}
 y - a scroll of random uselessness {unknown}
 E - a scroll of enchant weapon {unknown}
 N - a scroll of fog {unknown}
 Q - a scroll of enchant armour {unknown}
 S - a scroll of torment {unknown}
Potions
 d - a potion of might
 l - a potion of lignification {unknown}
 m - a potion of resistance {unknown}
 r - a potion of agility {unknown}
 x - 3 potions of curing {unknown}
 H - 2 potions of haste {unknown}
 I - 3 potions of brilliance {unknown}
 O - a potion of mutation {unknown}
Books
 B - a book of Air

   Spells                             Type                      Level
   a - Shock                          Conjuration/Air              1
   b - Swiftness                      Charms/Air                   2
   c - Static Discharge               Conjuration/Air              3
   d - Airstrike                      Air                          4
   e - Lightning Bolt                 Conjuration/Air              5
   Trog disapproves of the use of such an item.
 T - a book of Power

   Spells                             Type                      Level
   a - Iskenderun's Battlesphere      Conjuration/Charms           5
   b - Venom Bolt                     Conjuration/Poison           5
   c - Bolt of Magma                  Conjuration/Fire/Earth       5
   d - Iron Shot                      Conjuration/Earth            6
   e - Orb of Destruction             Conjuration                  7
   f - Spellforged Servitor           Conjuration/Summoning        7
   Trog disapproves of the use of such an item.
Comestibles
 c - 5 bread rations
 t - 2 royal jellies
 A - 8 fruits
 M - 2 meat rations


   Skills:
 + Level 8.0 Fighting
 * Level 10.5 Axes
 + Level 6.5 Armour
 + Level 6.6 Dodging
 * Level 1.7 Shields
 + Level 1.1 Evocations


You had 10 spell levels left.
You didn't know any spells.

Dungeon Overview and Level Annotations

Branches:
Dungeon (11/15)            Temple (0/1) D:5            Lair (0/6) D:11
    Orc (0/2) D:9

Altars:
Ashenzari
Cheibriados
Elyvilon
Gozag
Hepliaklqana
Kikubaaqudgha
Nemelex Xobeh
Ru
Trog
Uskayaw
Vehumet
Yredelemnul
The Shining One

Shops:
D:10 *


Innate Abilities, Weirdness & Mutations

You cannot wear boots.
Your serpentine skin is tough. (AC +3)
You have supernaturally acute eyesight. (SInv)
Armour fits poorly on your strangely shaped body.
Your system is resistant to poisons. (rPois)
You cover ground very slowly.
You have a slow metabolism.
You can spit poison.


Message History

You miss the spriggan.
You are starting to lose your buoyancy.
You feel sick.
The spriggan hits you with a rapier of venom.
* * * LOW HITPOINT WARNING * * *
You closely miss the spriggan.
You feel sick. You block the spriggan's attack.
You completely miss the spriggan.
You feel sick. The spriggan barely misses you. The spriggan blocks your attack.
You block the spriggan's attack.
You miss the spriggan.
You feel sick.
The spriggan hits you but does no damage.
You are more poisoned.
The spriggan blocks your attack.
You feel sick.
The spriggan hits you with a rapier of venom.
* * * LOW HITPOINT WARNING * * *
You closely miss the spriggan.
* * * LOW HITPOINT WARNING * * *
You feel sick.
The spriggan hits you with a rapier of venom!
You die...

.....................
#######.##.####..####
#(...# ...# #.####
..... #.### ..###
#..># .## #...# ##.
#########.#.....#
#).....@.†.......
#.##.#i##..####.# ..5
...# # ..... ...#
#...##.##5.. #... %%
#...# #.. %( #..#. ##
%§ ..##.


You could see a spriggan (berserk) and a crimson imp.

Vanquished Creatures
  A two-headed ogre (D:8)
  An unseen horror (D:9)
  A manticore (D:11)
  A centaur zombie (D:10)
  A troll (D:9)
  A hornet (D:8)
  Prince Ribbit (D:8)
  A hippogriff (D:8)
  A water moccasin (D:8)
  An eye of draining (D:10)
  4 orc warriors
  A black bear (D:9)
  A necrophage (D:11)
  3 ogres
  7 centaurs
  A big kobold (D:9)
  5 bullfrogs
  A wyvern skeleton (D:8)
  12 killer bees
  3 scorpions
  An electric eel (D:11)
  5 howler monkeys
  7 crimson imps
  2 quasits
  3 orc priests
  5 hounds
  6 orc wizards
  A jelly (D:6)
  A gnoll shaman (D:8)
  3 iguanas
  3 worker ants
  A hound skeleton (D:7)
  A worker ant zombie (D:7)
  9 gnolls (D:8)
  13 adders
  A shadow imp (D:9)
  2 adder skeletons
  2 worms
  A dart slug (D:2)
  4 leopard geckos
  28 orcs
  A ball python (D:5)
  6 bats
  4 giant cockroaches
  10 goblins
  10 hobgoblins
  4 jackals
  6 quokkas
  7 frilled lizards
  12 kobolds
  A leopard gecko skeleton (D:8)
  7 rats
215 creatures vanquished.

Vanquished Creatures (collateral kills)
  An ugly thing (D:11)
  2 ice beasts (D:11)
  An electric eel (D:11)
  A crimson imp (D:11)
  An adder (D:11)
  3 orcs (D:11)
9 creatures vanquished.

Grand Total: 224 creatures vanquished

Notes
Turn   | Place    | Note
-------+----------+-------------------------------------------
     0 | D:1      | M4edhros the Naga Berserker began the quest for the Orb.
     0 | D:1      | Reached XP level 1. HP: 21/21 MP: 1/1
    92 | D:2      | Reached XP level 2. HP: 15/28 MP: 2/2
   528 | D:1      | Reached XP level 3. HP: 17/34 MP: 3/3
  1800 | D:2      | Found a hide-covered altar of Uskayaw.
  1814 | D:2      | Found a sparkling altar of Nemelex Xobeh.
  2006 | D:2      | Reached XP level 4. HP: 42/42 MP: 4/4
  2185 | D:3      | Reached ** piety under Trog
  2215 | D:3      | Found a white marble altar of Elyvilon.
  2292 | D:3      | Found a shattered altar of Ashenzari.
  2294 | D:3      | Found an opulent altar of Gozag.
  2294 | D:3      | Found a sacrificial altar of Ru.
  2294 | D:3      | Found a glowing golden altar of the Shining One.
  2294 | D:3      | Found a bloodstained altar of Trog.
  2725 | D:3      | Reached XP level 5. HP: 35/50 MP: 5/5
  3178 | D:4      | Reached skill level 4 in Axes
  3556 | D:4      | Reached XP level 6. HP: 47/57 MP: 6/6
  3898 | D:5      | Entered Level 5 of the Dungeon
  3951 | D:5      | Found a staircase to the Ecumenical Temple.
  4155 | D:5      | Found a basalt altar of Yredelemnul.
  4374 | D:5      | Found an ancient bone altar of Kikubaaqudgha.
  4428 | D:5      | Found a snail-covered altar of Cheibriados.
  4892 | D:6      | Noticed an orc warrior
  4896 | D:6      | Reached XP level 7. HP: 66/66 MP: 7/7
  4987 | D:6      | Reached *** piety under Trog
  5169 | D:6      | Reached skill level 5 in Fighting
  5169 | D:6      | Reached skill level 5 in Axes
  5174 | D:6      | Upgraded the game from 0.20-a0-924-gfa95efa to 0.20-a0-926-g560771d
  5525 | D:6      | Reached XP level 8. HP: 68/74 MP: 8/8
  5816 | D:7      | Reached skill level 6 in Axes
  6040 | D:7      | Found a radiant altar of Vehumet.
  6211 | D:8      | Noticed Prince Ribbit
  6780 | D:8      | Found a hazy altar of Hepliaklqana.
  6911 | D:8      | HP: 3/76 [poisoned by a killer bee]
  6917 | D:8      | HP: 3/76 [poisoned by a killer bee]
  7279 | D:8      | Reached skill level 7 in Axes
  7303 | D:8      | Reached XP level 9. HP: 82/82 MP: 9/9
  7708 | D:8      | Noticed a hornet
  7710 | D:8      | Paralysed by a hornet for 2 turns
  7720 | D:8      | Paralysed by a hornet for 1 turns
  7724 | D:8      | Killed a hornet
  7724 | D:8      | Reached **** piety under Trog
  8196 | D:8      | Noticed a two-headed ogre
  8204 | D:8      | Killed a two-headed ogre
  8204 | D:8      | Reached skill level 8 in Axes
  8204 | D:8      | Reached skill level 5 in Armour
  8204 | D:8      | Reached skill level 5 in Dodging
  8220 | D:8      | Killed Prince Ribbit
  8241 | D:8      | Got an iridescent arbalest
  9196 | D:8      | Reached XP level 10. HP: 94/94 MP: 10/10
  9199 | D:8      | Reached skill level 9 in Axes
 10014 | D:9      | Noticed an unseen horror
 10040 | D:9      | Killed an unseen horror
 10585 | D:9      | Identified the +6 arbalest of Perfectionism {venom, MP+9} (You found it on level 8 of the Dungeon)
 10710 | D:9      | Found a staircase to the Orcish Mines.
 10857 | D:10     | Entered Level 10 of the Dungeon
 10861 | D:10     | Found Nimolig's General Store.
 11011 | D:10     | Reached skill level 10 in Axes
 11394 | D:10     | You fall through a shaft!
 11394 | D:11     | Noticed a red ugly thing
 11400 | D:11     | Killed a red ugly thing
 11400 | D:11     | Reached XP level 11. HP: 61/103 MP: 11/11
 11405 | D:11     | Reached skill level 1 in Shields
 11424 | D:11     | Found a staircase to the Lair.
 11432 | D:11     | Noticed a manticore
 11443 | D:11     | Killed a manticore
 11443 | D:11     | Reached skill level 1 in Evocations
 11454 | D:11     | Slain by a spriggan

Vault maps used:
D:1:      dpeg_chamrin_arrival_tetris, roderic_roman_lattice
D:2:      minitemple, grunt_ministairs_2
D:3:      minmay_diamond_boxcup, grunt_temple_overflow_open, lemuel_round_altar,
          due_unseen_surprise
D:4:      kennysheep_six_static_rooms
D:5:      lemuel_crystal_altar, marbit_many_paths, kiku_gazebo_garden_becter,
          first_bread
D:6:      minmay_checkerbox
D:7:      lemuel_round_altar
D:8:      nicolae_overflow_crystal_walls, uniq_prince_ribbit1
D:9:      orc_0_dummy
D:10:     serial_shops, shop
D:11:     minmay_twisted_water, lair_entry_dummy, hangedman_stone_soup

Skill      XL: |  1  2  3  4  5  6  7  8  9 10 11 |
---------------+----------------------------------+-----
Armour         | 2 3 4 5 6 |  6.5
Dodging        | 2 3 4 5 6 |  6.6
Fighting       | 4 5 6 7 8 |  8.0
Axes           | 4 5 7 8 10 | 10.5
Shields        | 1 |  1.7
Evocations     | 1 |  1.1

Action                   |  1- 3 |  4- 6 |  7- 9 | 10-12 || total
-------------------------+-------+-------+-------+-------++-------
Melee: Hand axe          |    90 |       |       |       ||    90
       War axe           |    34 |   160 |   334 |   241 ||   769
Invok: Berserk           |     4 |     2 |     9 |     7 ||    22
       Trog's Hand       |       |       |     1 |       ||     1
       Brothers in Arms  |       |       |       |     1 ||     1
 Abil: Spit Poison       |       |       |       |     1 ||     1
Evoke: Wand              |       |       |    11 |     3 ||    14
  Use: Potion            |     1 |       |       |     4 ||     5
       Scroll            |       |     2 |       |     4 ||     6
 Stab: Paralysed         |       |       |     1 |       ||     1
  Eat: Chunk             |     5 |    11 |    18 |    10 ||    44
       Royal jelly       |       |       |     1 |     1 ||     2
Armor: Animal skin       |    17 |       |       |       ||    17
       Leather armour    |     5 |       |       |       ||     5
       Ring mail         |     2 |    21 |       |       ||    23
       Scale mail        |       |    34 |       |    58 ||    92
       Plate armour      |       |    25 |   362 |   107 ||   494
Dodge: Dodged            |    81 |    66 |   150 |   122 ||   419
Block: Large shield      |       |       |       |    20 ||    20
